AoeStats
← OM | Kerry Copyto

Nomad

510464340Analyzed
4v4 RM · 1d ago on Oct 1, 2026· 28m 46s· 8 players
Game mode
Random Map
Map size
231×231
Population
200
Speed
Normal
Resources
Standard
Victory
Conquest
Starting age
Dark Age
Ending age
Imperial Age
RankedLock teamsTeams togetherTeam positionsShared explorationLock speedFull tech treeHidden civsTurbo modeCheats
Victory
Defeat
🇲🇽 Berbers · Mexico
1440
+12
🇲🇽 Armenians · Mexico
1402
+13
🇲🇽 Vietnamese · Mexico
1327
+16
🇲🇽 Celts · Mexico
1296
+19
🇺🇸 Vikings · United States
1382
-17
🇹🇼 Huns · Taiwan
1339
-15
🇺🇸 Japanese · United States
1338
-15
🇨🇦 Dravidians · Canada
1300
-13
Maverick
5:09 Loom
5:56 Loom
10:30 Loom
13:26 Feudal Age
17:30 Castle Age
15:49 Double-Bit Axe
16:08 Fletching
17:40 Town Watch
18:07 Bodkin Arrow
IAMDAGG
9:33 Loom
12:21 Feudal Age
17:31 Castle Age
21:57 Padded Archer Armor
Thor Odinson
3:05 Loom
13:53 Feudal Age
14:48 Fishing Lines
19:36 Castle Age
18:13 Stone Mining
20:35 Gillnets
24:18 Wheelbarrow
24:26 Double-Bit Axe
25:50 Gold Mining
26:48 Scale Mail Armor
26:58 Forging
27:09 Squires
26:54 Arson
SometimesUnlucky
5:39 Loom
14:22 Feudal Age
18:42 Castle Age
25:32 Padded Archer Armor
25:42 Padded Archer Armor
25:34 Fletching
26:06 Double-Bit Axe
OM | Kerry Copyto
3:45 Loom
13:23 Feudal Age
16:22 Double-Bit Axe
18:14 Fletching
19:10 Padded Archer Armor
24:39 Castle Age
23:31 Horse Collar
23:48 Gold Mining
24:43 Crossbowman
25:20 Bodkin Arrow
26:04 Husbandry
26:16 Forging
26:52 Thumb Ring
28:15 Ballistics
29:14 Leather Archer Armor
Lord Elendil
3:37 Loom
13:09 Feudal Age
18:10 Castle Age
18:00 Double-Bit Axe
21:10 Fletching
OM | Romeo D. Sins
3:10 Loom
12:57 Feudal Age
13:23 Town Watch
15:20 Double-Bit Axe
17:45 Castle Age
16:21 Horse Collar
18:46 Bow Saw
20:44 Fletching
27:41 Bodkin Arrow
27:48 Padded Archer Armor
OM | Massiosare
3:49 Loom
12:53 Feudal Age
13:41 Double-Bit Axe
26:41 Castle Age
29:01 Fletching
Connection lost

Rejoining the realm…

Still unreachable

The connection could not be restored.

Session expired

The server has moved on; the page needs a fresh start.